 Dungeon Crawl Stone Soup version 0.30.0-15-g856e2d3f33 (webtiles) character file.

Game seed: 4429805634979772280

434 qw the Chopper (level 7, -7/44 HPs)
             Began as a Gargoyle Cinder Acolyte on May 18, 2023.
             Was an Elder of Ignis.
             Mangled by Duvessa
             ... wielding a +0 short sword
              (8 damage)
             ... on level 4 of the Dungeon.
             The game lasted 00:01:40 (3209 turns).

qw the Chopper (Gargoyle Cinder Acolyte)            Turns: 3209, Time: 00:01:40

Health: -7/44      AC: 21    Str: 19    XL:     7   Next: 0%
Magic:  8/8        EV:  7    Int: 15    God:    Ignis [****..]
Gold:   160        SH:  0    Dex:  5    Spells: 8/8 levels left

rFire   + . .        Y - -1 hand axe (flame)
rCold   . . .        (no shield)
rNeg    + . .        d - +0 chain mail
rPois   inf          (no helmet)
rElec   +            (no cloak)
rCorr   .            i - +0 pair of gloves
SInv    +            (no boots)
Will    .....        (no amulet) Stlth
                     c - ring of see invisible
HPRegen 0.27/turn    (no ring)
MPRegen 0.11/turn

%: no passive effects
@: fiery-armoured
A: sickness immunity, AC +4, negative energy resistance 1, electricity
resistance, torment resistance 1, petrification resistance
a: Renounce Religion, Fiery Armour, Foxfire Swarm, Rising Flame


You were on level 4 of the Dungeon.
You worshipped Ignis.
Ignis was greatly pleased with you.
You visited 1 branch of the dungeon, and saw 4 of its levels.

You collected 160 gold pieces.


Innate Abilities, Weirdness & Mutations

You are immune to sickness and miasma.
Your stone body is resilient. (AC +4)
You are immune to poison.
You resist negative energy. (rN+)
You are resistant to electric shocks. (rElec)
You are resistant to unholy torment.
You are immune to petrification.


   Skills:
 - Level 5.1 Fighting
 + Level 5.5 Axes
 - Level 1.2 Throwing
 - Level 2.0 Armour
 - Level 1.0 Spellcasting
 - Level 3.0 Fire Magic


You had 8 spell levels left.
You didn't know any spells.
Your spell library contained the following spells:

 Spells                   Type           Power      Damage    Failure   Level
 Scorch                   Fire           18%        2d5       67%         2

Inventory:

Hand Weapons
 Y - a -1 hand axe of flaming (weapon)
Missiles
 f - 3 boomerangs (quivered)
Armour
 d - a +0 chain mail (worn)
 h - a +0 plate armour
 i - a +0 pair of gloves (worn)
Jewellery
 c - a ring of see invisible (left hand)
Scrolls
 g - 2 scrolls of identify
Potions
 b - a potion of mutation {unknown}
 e - a potion of flight {unknown}
 j - 2 potions of curing {unknown}

Dungeon Overview and Level Annotations

Branches:
Dungeon (4/15)
 Temple: D:4-7

Altars:
Elyvilon

Annotations:
D:4 Duvessa


Message History

Duvessa is burned by your cloak of flames.
Duvessa is moderately wounded.
Duvessa hits you with a +0 short sword.
You barely miss Duvessa.
Duvessa is moderately wounded.
Duvessa hits you but does no damage.
Duvessa is burned by your cloak of flames.
Duvessa is moderately wounded.
You hit Duvessa but do no damage.
Duvessa is moderately wounded.
Duvessa hits you but does no damage. x2
Duvessa is burned by your cloak of flames.
Duvessa is moderately wounded.
You hit Duvessa but do no damage.
Duvessa is moderately wounded.
Duvessa barely misses you.
You hit Duvessa but do no damage.
Duvessa is moderately wounded.
Duvessa hits you but does no damage.
Duvessa is burned by your cloak of flames.
Duvessa is moderately wounded.
Duvessa completely misses you.
You hit Duvessa. You burn Duvessa.
Duvessa is heavily wounded.
Duvessa barely misses you. Duvessa hits you with a +0 short sword!
Duvessa is burned by your cloak of flames.
Duvessa is heavily wounded.
You hit Duvessa but do no damage.
Duvessa is heavily wounded.
Duvessa hits you with a +0 short sword.
You hit Duvessa but do no damage.
Duvessa is heavily wounded.
Duvessa hits you with a +0 short sword. Duvessa hits you with a +0 short sword!
You hit Duvessa but do no damage.
Duvessa is heavily wounded.
Duvessa barely misses you.
You closely miss Duvessa.
Duvessa is heavily wounded.
Duvessa hits you but does no damage. Duvessa hits you with a +0 short sword!
You die...

.......## ......##
...#...... .......#
#.#......
........#.###....... #.
#....(.........(...# ..(
#.......#..........#....
......!## #............
......### ##....e......
........# #.. #@####...
....#...# #.##..#.....
....###.## #..#........
#...#....#####....##..##
##.....#.#.......## ..#
##..............## ..
###.........##....# #
#.......#.#####.###
........#...##...#


You could see Duvessa (berserk).

Vanquished Creatures
  An orc warrior (D:4)
  Dowan (D:4)
  An orc priest (D:4)
  Jessica (D:3)
  A sleepcap (D:4)
  2 orc wizards (D:4)
  4 gnolls (D:3)
  4 adders
  A worm (D:2)
  2 dart slugs
  9 orcs
  8 ball pythons
  6 bats
  11 endoplasms
  2 giant cockroaches (D:2)
  4 goblins
  5 hobgoblins
  A quokka (D:2)
  6 frilled lizards
  2 kobolds
  5 rats
77 creatures vanquished.

Notes
Turn   | Place    | Note
-------+----------+-------------------------------------------
     0 | D:1      | qw the Gargoyle Cinder Acolyte began the quest for the Orb.
     0 | D:1      | Reached XP level 1. HP: 14/14 MP: 2/2
     0 | D:1      | 0 ||| qw: Version: 0.2-a-95-gc95f03d
     0 | D:1      | 0 ||| qw: Game counter: 38
     0 | D:1      | 0 ||| qw: Always use a shield: true
     0 | D:1      | 0 ||| qw: God list: Okawaru
     0 | D:1      | 0 ||| qw: Allow faded altars: false
     0 | D:1      | 0 ||| qw: Do Orc after D:15 true
     0 | D:1      | 0 ||| qw: Do second Lair branch before Depths: true
     0 | D:1      | 0 ||| qw: Lair rune preference: random
     0 | D:1      | 0 ||| qw: Plans: Normal
     0 | D:1      | 0 ||| PLANNING D:1-11
    88 | D:1      | Reached skill level 3 in Axes
   211 | D:1      | Reached XP level 2. HP: 18/19 MP: 3/3
   219 | D:1      | 219 ||| Stepping ~*~*~tactically~*~*~ (stealth).
   489 | D:1      | Found a faded altar of an unknown god.
   514 | D:1      | 514 ||| Stepping ~*~*~tactically~*~*~ (stealth).
   681 | D:1      | 681 ||| INVOKING Fiery Armour.
   998 | D:1      | Reached XP level 3. HP: 23/23 MP: 4/4
  1025 | D:1      | 1025 ||| UPGRADING to +0 chain mail.
  1035 | D:1      | 1035 ||| DROPPING +0 robe.
  1036 | D:1      | 1036 ||| UPGRADING to +0 pair of gloves.
  1041 | D:1      | 1041 ||| DROPPING amulet of magic regeneration.
  1042 | D:1      | 1042 ||| READING 2 scrolls labelled PULIHU QAPSUTH.
  1043 | D:1      | 1043 ||| READING scroll labelled KIBEEC BESI.
  1044 | D:1      | 1044 ||| READING 2 scrolls labelled ONETTU DUDUC.
  1045 | D:1      | 1045 ||| READING scroll labelled PAHIGO WONTO.
  1046 | D:1      | 1046 ||| READING scroll labelled GOCINALL TASM.
  1047 | D:1      | 1047 ||| READING scroll labelled JILEKHLO ZOGH.
  1048 | D:1      | 1048 ||| READING 4 scrolls labelled CACKIO TURON.
  1049 | D:1      | 1049 ||| DROPPING scroll of magic mapping.
  1050 | D:1      | 1050 ||| DROPPING 3 scrolls of immolation.
  1176 | D:2      | Reached skill level 1 in Armour
  1698 | D:2      | Reached XP level 4. HP: 25/28 MP: 5/5
  1860 | D:2      | 1860 ||| READING scroll labelled BUOFUMOI ZUCW.
  1864 | D:2      | 1864 ||| READING scroll labelled ESIOSKINELU.
  1965 | D:2      | 1965 ||| READING 2 scrolls of identify.
  1965 | D:2      | 1965 ||| IDENTIFYING blue potion
  1966 | D:2      | 1966 ||| DROPPING potion of magic.
  2233 | D:3      | Noticed Jessica
  2234 | D:3      | 2234 ||| Stepping ~*~*~tactically~*~*~ (hiding).
  2243 | D:3      | Killed Jessica
  2244 | D:3      | Reached skill level 1 in Throwing
  2273 | D:3      | 2273 ||| Stepping ~*~*~tactically~*~*~ (hiding).
  2276 | D:3      | 2276 ||| INVOKING Fiery Armour.
  2278 | D:3      | Reached XP level 5. HP: 32/32 MP: 6/6
  2447 | D:3      | Found a white marble altar of Elyvilon.
  2722 | D:3      | 2722 ||| UPGRADING to ring of see invisible.
  2723 | D:3      | 2723 ||| READING 2 scrolls of identify.
  2723 | D:3      | 2723 ||| IDENTIFYING golden potion
  2724 | D:3      | 2724 ||| DROPPING potion of berserk rage.
  2810 | D:4      | 2810 ||| Stepping ~*~*~tactically~*~*~ (stealth).
  2824 | D:4      | 2824 ||| INVOKING Fiery Armour.
  2970 | D:4      | Reached XP level 6. HP: 35/38 MP: 7/7
  3029 | D:4      | Noticed an orc warrior
  3030 | D:4      | 3030 ||| INVOKING Fiery Armour.
  3041 | D:4      | Killed an orc warrior
  3042 | D:4      | HP: 9/40 [orc/+0 trident (4)]
  3184 | D:4      | Noticed Dowan
  3185 | D:4      | 3185 ||| Stepping ~*~*~tactically~*~*~ (hiding).
  3192 | D:4      | Noticed Duvessa
  3193 | D:4      | 3193 ||| INVOKING Fiery Armour.
  3193 | D:4      | Killed Dowan
  3194 | D:4      | Reached XP level 7. HP: 39/44 MP: 8/8
  3206 | D:4      | HP: 11/44 [Duvessa/+0 short sword (4)]
  3207 | D:4      | HP: 1/44 [Duvessa/+0 short sword (8)]
  3209 | D:4      | Mangled by Duvessa

Levels and vault maps discovered:
D:1:      scummos_arrival_star, layout_loops_corners,
          dreamdust_ecumenical_altar_sealed_demon, minmay_indecisive_spiral
D:2:      layout_loops_ring
D:3:      layout_loops_ring, mainiacjoe_overflow_cross_hatched, uniq_jessica
D:4:      layout_cave_pools, uniq_duvessa

Skill      XL: |  1  2  3  4  5  6 |
---------------+-------------------+-----
Axes           | 3 4 5 |  5.5
Armour         | 1 2 |  2.0
Throwing       | 1 |  1.2
Fighting       | 5 |  5.1
Spellcasting   | |  1.0
Fire Magic     | |  3.0

Action                     |  1- 3 |  4- 6 |  7- 9 || total
---------------------------+-------+-------+-------++-------
  Melee: Hand axe          |   175 |    86 |    13 ||   274
         Punch             |       |     2 |       ||     2
  Throw: Javelin           |       |    18 |     1 ||    19
         Boomerang         |       |       |     1 ||     1
 Invoke: Fiery Armour      |     1 |     4 |       ||     5
    Use: Scroll            |     7 |     4 |       ||    11
 Armour: Robe              |    31 |       |       ||    31
         Chain mail        |    58 |    84 |     7 ||   149
  Dodge: Dodged            |    68 |    45 |     6 ||   119

Table legend:
 A = Non-vault XP
 B = Vault XP
 C = Vault XP percentage of total XP
 D = Non-vault monster count
 E = Vault monster count
 F = Vault count percentage of total count
                 A         B        C        D         E       F
            +---------+---------+-------+---------+---------+-------
      Total |     509 |     112 |  18.0 |      71 |       6 |   7.8
            +---------+---------+-------+---------+---------+-------
        D:1 |      29 |       6 |  17.1 |      18 |       4 |  18.2
        D:2 |      55 |       0 |   0.0 |      18 |       0 |   0.0
        D:3 |      93 |      37 |  28.5 |      15 |       1 |   6.2
        D:4 |     332 |      69 |  17.2 |      20 |       1 |   4.8
            +---------+---------+-------+---------+---------+-------
